FIQ, neutral male gnomish Wizard --- --- --- -..-- -----.-. --- ---.---.--|.|-- .... ........|--------------|.-- |....|....|.|.. |.. . ........|./[|..|...|...|..|--- --........|.| ..-..--|- .... ...|.[!|..|...|...|..|..| ------ |..........| |......|..-----..|*.%|...-|.-.|.......---....| |.....--...-----..|....--|$((|..--|---|...........-.........| ------...|---........|...|..|...-.............-..........>.....---- |..| |...---|........|---|..|((.|......--+...........|..........|.-- |..---......|.----...|(((|..-----..{......|...-...|.............@q.| --<...........| +...|(((|.............|..).......|......@....@...-- ---.-........| |...|...|-+......-.-|-.----..---...|.............| |..........----...--|-| |..-|-|...............................- --..--.......|........| |..|..|----^...---------.....--...@....- ..||.......|..#.....----..|..|%%.-....|......||.--..||.........| ..----......|-....{........|..|%%.|....-...._.||.||..|---.@.....| -- .. ---....%.--.)|....#.....--------....|......||.|---- |.......| -.....................|-.....................----------- -.......| |.................-----------------............... .|.....| | |............--- ---....---------- --|..---- -- --.|.|..--- |..--- ---- -------- --- FIQ the Thaumaturge Experience level: 9 Strength: 12 Dexterity: 9 Constitution: 14 Intelligence: 19 Wisdom: 15 Charisma: 12 Health: 0(44) Energy: 97(97) Def: 19 Gold: 538 Moves: 8164 Dungeon seed: zUe7qtOKQBiUa8tC Game ID: FIQ_1469120111 Your Inventory: Coins $ - 538 gold pieces Weapons a - a blessed +1 quarterstaff (weapon in hands) Armor e - a blessed +0 cloak of magic resistance (being worn) r - an uncursed -1 pair of fumble boots (being worn) N - a blessed +0 leather armor (being worn) Scrolls i - an uncursed scroll of light j - 2 uncursed scrolls of identify Q - a blessed scroll of identify Rings d - an uncursed ring of free action (on left hand) I - an uncursed ring of warning Wands Y - a wand of cancellation (0:8) Tools b - an uncursed bag of holding V - an uncursed wooden flute Gems n - an uncursed luckstone Contents of the bag of holding: an uncursed potion of gain ability an uncursed potion of paralysis 2 uncursed potions of water an uncursed ring of free action a blessed +1 ring of gain strength a cursed -1 ring of increase accuracy a wand of digging (0:6) a wand of digging (0:4) a wand of digging (0:4) 7 uncursed wax candles (0:400) Spells and supernatural/magical abilities: Name Level Category Fail Memory a - force bolt 1 attack 0% 60% e - charm monster 3 enchantment 0% 88% p - protection 1 clerical 0% 60% u - confuse monster 2 enchantment 0% 88% z - sleep 1 enchantment 0% 79% N - summon nasty 7 clerical 90% 61% W - pray for help -- divine ? -- Your skills at the end: Fighting Skills wands [Basic] Weapon Skills quarterstaff [Basic] Spellcasting Skills attack spells [Skilled] enchantment spells [Skilled] clerical spells [Skilled] Final Attributes: You were piously aligned. You were cold resistant. You were poison resistant. You were magic-protected. You fumbled. You had infravision. You were going to confuse monsters. You were protected. You had free action. You were lucky. You had extra luck. Bad luck did not time out for you. Good luck did not time out for you. You are dead. Vanquished creatures: 2 vampires a black naga an ettin mummy 3 trolls 2 sasquatches a wood golem a freezing sphere 2 flaming spheres a leocrotta a human mummy a carnivorous ape a chameleon 3 giant beetles a quivering blob a cockatrice 6 wolves 4 winter wolf cubs a leprechaun an orc-captain 2 giant spiders a forest centaur an orc mummy a brown pudding a werewolf 2 Green-elves a jaguar a blue jelly 4 human zombies a bugbear an imp 2 quasits a mountain nymph a yellow light 2 shriekers a kobold mummy a barrow wight 13 elf zombies a baby crocodile a little dog 2 floating eyes a kitten a kobold lord 3 hill orcs a rabid rat 3 giant bats 3 dwarf zombies 3 iguanas 8 killer bees 5 coyotes 2 gas spores 4 hobbits 7 manes a large kobold 4 hobgoblins 5 giant rats 8 cave spiders a brown mold 3 yellow molds a red mold 7 gnomes a gnome zombie 7 geckos 4 jackals 5 foxes a kobold 6 goblins 4 sewer rats 6 grid bugs a lichen 2 kobold zombies 7 newts 190 creatures vanquished. Voluntary challenges: You used a wielded weapon 251 times, starting on turn 46. You read items or engraved 366 times, starting on turn 85. You never genocided any monsters. You never polymorphed an object. You never changed form. You used no wishes. You never split a pudding. You wrote Elbereth's name 246 times, starting on turn 3132. You violated your moral code, losing 9 points of alignment, starting on turn 1770. Dungeon overview: The Dungeons of Doom: levels 1 to 4 Level 1 a long staircase Level 2 Level 3 Level 4 a sink stairs to The Gnomish Mines The Gnomish Mines: levels 5 to 12 Level 5 stairs to The Dungeons of Doom Level 6 Level 7 <- You were here many shops, a temple to Anhur, some fountains, some trees Level 8 Level 9 Level 10 Level 11 Level 12 some fountains History has recorded: On T:1 you entered the Dungeons of Doom to retrieve the Amulet of Yendor! On T:501 you reached level 2 of The Dungeons of Doom. On T:720 you reached level 3 of The Dungeons of Doom. On T:795 you advanced to experience level 2. On T:1084 you reached level 4 of The Dungeons of Doom. On T:1189 you advanced to experience level 3. On T:1432 you reached level 1 of The Gnomish Mines. On T:1462 you advanced to experience level 4. On T:2110 you advanced to experience level 5. On T:2403 you reached level 2 of The Gnomish Mines. On T:2478 you reached level 3 of The Gnomish Mines. On T:2606 you reached level 4 of The Gnomish Mines. On T:2748 you reached level 5 of The Gnomish Mines. On T:2760 you reached level 6 of The Gnomish Mines. On T:2806 you advanced to experience level 6. On T:3093 you reached level 7 of The Gnomish Mines. On T:3108 you reached level 8 of The Gnomish Mines. On T:3367 you advanced to experience level 7. On T:3741 you advanced to experience level 8. On T:6808 you advanced to experience level 9. Score breakdown: Gold: 538 ( 9291 points) Experience: 9 levels (15756 points) Exploration: 12 levels ( 23.53%) (14071 points) Discoveries: 11 items ( 3.78%) ( 5832 points) Valuables value: (no points given unless you survive) Artifact value: 0 ( 0 points) Variety of kills: 71 monsters ( 18.54%) (12916 points) Turncount: 8164 turns (-2078 points) Survival: died (score multiplied by 80%) Total score: 44630 Latest messages: The Green-elf misses the leocrotta. You add to the writing in the dust with your fingers. (6x) The leocrotta turns to flee! You add to the writing in the dust with your fingers. The Green-elf swings her runed broadsword at the leocrotta. The Green-elf hits the leocrotta. You add to the writing in the dust with your fingers. The leocrotta misses the Green-elf. The leocrotta bites the Green-elf. The leocrotta hits the Green-elf. The Green-elf swings her runed broadsword at the leocrotta. The Green-elf hits the leocrotta. You add to the writing in the dust with your fingers. (3x) You flounder. The leocrotta hits! The leocrotta bites! The leocrotta hits! You hear crashing rock. The leocrotta hits! The leocrotta bites! The leocrotta hits! You die... Final status: Goodbye FIQ the Wizard, killed by a leocrotta, while fumbling... You died in The Gnomish Mines on dungeon level 7 with 44630 points, and 538 pieces of gold, after 8164 moves. You were level 9 with a maximum of 44 hit points when you died.